 Dungeon Crawl Stone Soup version 0.29-a0-96-g93358da72b (webtiles) character file.

Game seed: 17458322743558315789

1076 Sweetruy1997 the Chopper (level 8, -1/68 HPs)
             Began as a Demonspawn Chaos Knight on Feb 11, 2022.
             Was a Plaything of Xom.
             Slain by a killer bee (5 damage)
             ... on level 5 of the Dungeon.
             The game lasted 00:12:37 (4573 turns).

Sweetruy1997 the Chopper (Demonspawn Chaos Knight)  Turns: 4573, Time: 00:12:38

Health: -1/68      AC:  8    Str: 15    XL:     8   Next: 8%
Magic:  8/8        EV: 11    Int: 14    God:    Xom [....*.]
Gold:   43         SH: 10    Dex: 16    Spells: 7/7 levels left

rFire   . . .      SeeInvis .   a - +0 hand axe (chaos)
rCold   . . .      Faith    .   f - +2 buckler
rNeg    . . .      Spirit   .   b - +2 leather armour
rPois   .          Reflect  .   (no helmet)
rElec   .          Harm     .   (no cloak)
rCorr   .          Rampage  .   g - +0 pair of gloves
Will    .....                   (boots unavailable)
Stlth   +++.......              (no amulet)
HPRegen 0.21/turn               (no ring)
MPRegen 0.11/turn               (no ring)

@: no status effects
A: hooves 3, yellow scales 1, powered by death 1, large bone plates 1, thin
skeletal structure 1, mutation resistance 1, robust 1, strong 1, MP-powered
wands
a: Renounce Religion


You were on level 5 of the Dungeon.
You worshipped Xom.
You were a beloved toy of Xom.
You visited 1 branch of the dungeon, and saw 5 of its levels.

You collected 184 gold pieces.
You spent 141 gold pieces at shops.

Inventory:

Hand Weapons
 a - a +0 hand axe of chaos (weapon)
Missiles
 e - a boomerang (quivered)
Armour
 b - a +2 leather armour (worn)
 f - a +2 buckler (worn)
 g - a +0 pair of gloves (worn)
Scrolls
 h - 2 scrolls of teleportation
Potions
 c - 2 potions of curing
 i - a potion of magic {unknown}
 j - 2 potions of mutation {unknown}


   Skills:
 - Level 5.0 Fighting
 + Level 6.7 Axes
 + Level 1.6 Throwing
 - Level 2.0 Armour
 - Level 1.0 Dodging
 + Level 3.5 Stealth
 - Level 2.0 Shields


You had 7 spell levels left.
You didn't know any spells.
Your spell library contained the following spells:

 Spells                   Type           Power      Damage    Failure   Level
 Sandblast                Erth           0%         2d4       43%         1
 Passwall                 Tmut/Erth      0%         N/A       58%         2
 Stone Arrow              Conj/Erth      0%         3d7       82%         3


Dungeon Overview and Level Annotations

Branches:
Dungeon (5/15)
 Temple: D:4-7

Altars:

Shops:
D:1 ?   D:2 !   D:3 (


Innate Abilities, Weirdness & Mutations

You have hooves in place of feet.
You are partially covered in yellow scales. (AC +2)
You regenerate a little health from kills.
You are partially covered in large bone plates. (SH +4)
You have a somewhat thin skeletal structure. (Dex +2, Stealth+)
You are somewhat resistant to further mutation.
You are robust. (+10% HP)
Your muscles are strong. (Str +2)
You expend magic power (3 MP) to strengthen your wands.


Message History

You hit the killer bee. You burn the killer bee.
You hit the killer bee but do no damage.
You hit the killer bee.
Lightning courses through the killer bee!!
You kill the killer bee!
You feel very sick. The killer bee barely misses you.
The killer bee stings you!
You are more poisoned.
The killer bee poisons you! You block the killer bee's attack.
The killer bee closely misses you.
The killer bee stings you but does no damage.
The killer bee stings you.
You miss the killer bee. Your kick misses the killer bee.
The killer bee is heavily wounded.
You hit the killer bee. You freeze the killer bee.
You barely miss the killer bee.
You feel very sick.
You block the killer bee's attack. x2; The killer bee stings you.
The killer bee barely misses you.
The killer bee stings you but does no damage.
You closely miss the killer bee.
You kick the killer bee, but do no damage.
The killer bee is severely wounded.
You miss the killer bee. x2
You feel very sick.
The killer bee barely misses you. x2; The killer bee closely misses you.
The killer bee stings you!
* * * LOW HITPOINT WARNING * * *
You are lethally poisoned!
The killer bee poisons you! The killer bee stings you!
* * * LOW HITPOINT WARNING * * *
You block the killer bee's attack.
The killer bee stings you but does no damage.
You feel better. The killer bee stings you!
* * * LOW HITPOINT WARNING * * *
The killer bee stings you.
* * * LOW HITPOINT WARNING * * *
The killer bee barely misses you. The killer bee stings you.
You die...
Xom guffaws!

#... #..# #..
#.##...###..# #..
....+.........# #...
.....#.........# #..=
.....#.......... #....
#..# #.####.#..
#....###..####.####.###
#....y...............#
#....y@..............#
#....y...............#
##+####...##...##...##
.###...##...######
..............#
..............#
...............#
...............#
...............#


You could see 3 killer bees.

Vanquished Creatures
  A mana viper (shapeshifter) (D:3)
  A black bear (D:3)
  A sky beast (D:4)
  A phantom (D:4)
  A bullfrog (D:3)
  2 killer bees (D:5)
  A hound (D:2)
  A jelly (D:4)
  A hound skeleton (D:4)
  A gnoll (D:4)
  8 adders
  A white imp (D:5)
  4 worms
  3 dart slugs
  8 orcs
  7 ball pythons
  8 bats
  5 endoplasms
  6 giant cockroaches
  9 goblins
  7 hobgoblins
  4 jackals (D:3)
  A quokka (D:4)
  3 frilled lizards (D:1)
  5 kobolds
  4 rats
94 creatures vanquished.

Vanquished Creatures (collateral kills)
  An orc (D:3)
1 creature vanquished.

Vanquished Creatures (others)
  The ghost of Dittersdorf the Skirmisher, a weakling GrFi (D:3)
1 creature vanquished.

Grand Total: 96 creatures vanquished

Notes
Turn   | Place    | Note
-------+----------+-------------------------------------------
     0 | D:1      | Sweetruy1997 the Demonspawn Chaos Knight began the quest
                  | for the Orb.
     0 | D:1      | Reached XP level 1. HP: 18/18 MP: 1/1
    75 | D:1      | Reached skill level 3 in Axes
   153 | D:1      | XOM: 10-stop teleportation journey
   346 | D:1      | Gained mutation: You regenerate a little health from kills.
                  | [demonic ancestry]
   346 | D:1      | Reached XP level 2. HP: 24/24 MP: 2/2
   465 | D:1      | XOM: noise
   567 | D:1      | Found Luwanaid's Magic Scroll Shoppe.
   605 | D:1      | Reached skill level 1 in Dodging
   780 | D:1      | Gained mutation: You have large cloven feet. [demonic
                  | ancestry]
   780 | D:1      | Reached XP level 3. HP: 29/29 MP: 3/3
   950 | D:1      | Bought a scroll of identify for 20 gold pieces
  1418 | D:2      | XOM: silly message
  1516 | D:2      | Gained mutation: You are partially covered in yellow
                  | scales. (AC +2) [demonic ancestry]
  1516 | D:2      | Reached XP level 4. HP: 30/36 MP: 4/4
  1679 | D:2      | XOM: silly message
  2022 | D:2      | Found Zixt's Distillery.
  2030 | D:2      | Bought a potion of curing for 42 gold pieces
  2223 | D:2      | Bought a potion of degeneration for 14 gold pieces
  2292 | D:3      | Reached skill level 4 in Axes
  2426 | D:3      | Found a runed translucent door.
  2620 | D:3      | Found a faded altar of an unknown god.
  2620 | D:3      | XOM: cloud trail
  2638 | D:3      | Noticed Dittersdorf's ghost (weakling GrFi)
  2638 | D:3      | Noticed a bullfrog
  2656 | D:3      | Killed a bullfrog
  2657 | D:3      | Reached skill level 1 in Stealth
  2657 | D:3      | Reached skill level 1 in Shields
  2657 | D:3      | Reached XP level 5. HP: 29/42 MP: 5/5
  2670 | D:3      | Noticed a shapeshifter
  2670 | D:3      | a river rat changed into a shapeshifter
  2670 | D:3      | XOM: polymorph river rat -> shapeshifter
  2670 | D:3      | Noticed a harpy
  2670 | D:3      | a shapeshifter changed into a harpy
  2673 | D:3      | XOM: enchant monster (good)
  2680 | D:3      | Noticed a cane toad
  2681 | D:3      | Your ally Dittersdorf's ghost died
  2812 | D:3      | Noticed a mana viper
  2821 | D:3      | Killed a mana viper
  2822 | D:3      | Reached skill level 5 in Axes
  2822 | D:3      | Gained mutation: You have hoof-like feet. [demonic
                  | ancestry]
  2822 | D:3      | Reached XP level 6. HP: 49/49 MP: 4/6
  2822 | D:3      | Reached XP level 7. HP: 55/55 MP: 4/7
  2901 | D:3      | XOM: cloud trail
  2936 | D:3      | Found a runed translucent door.
  3060 | D:3      | XOM: cast spell 'Death Channel'
  3070 | D:3      | Reached skill level 6 in Axes
  3234 | D:3      | Found Ituxet's Antique Weapon Boutique.
  3509 | D:4      | XOM: scenery: summon butterflies
  3563 | D:4      | XOM: 1-stop teleportation journey
  3907 | D:4      | XOM: fake destruction
  3917 | D:4      | Reached skill level 5 in Fighting
  3917 | D:4      | Reached skill level 1 in Throwing
  4118 | D:4      | XOM: god gift: 12 gold pieces
  4204 | D:2      | XOM: give mutations
  4204 | D:2      | Gained mutation: You expend magic power (3 MP) to
                  | strengthen your wands. [Xom's grace]
  4204 | D:2      | Gained mutation: You are partially covered in large bone
                  | plates. (SH +4) [Xom's grace]
  4204 | D:2      | Gained mutation: You are robust. (+10% HP) [Xom's grace]
  4215 | D:2      | XOM: give mutations
  4215 | D:2      | Gained mutation: You have hidden genetic potential. [Xom's
                  | grace]
  4215 | D:2      | Gained mutation: You have hooves in place of feet. [Xom's
                  | grace]
  4215 | D:2      | Lost mutation: You have hidden genetic potential. [Xom's
                  | grace]
  4215 | D:2      | Gained mutation: You are somewhat resistant to further
                  | mutation. [Xom's grace]
  4238 | D:1      | Bought a scroll of teleportation for 30 gold pieces
  4238 | D:1      | Bought a scroll of immolation for 35 gold pieces
  4308 | D:2      | XOM: give mutations
  4308 | D:2      | Gained mutation: You have a somewhat thin skeletal
                  | structure. (Dex +2, Stealth+) [Xom's grace]
  4308 | D:2      | Gained mutation: Your muscles are strong. (Str +2) [Xom's
                  | grace]
  4392 | D:5      | Entered Level 5 of the Dungeon
  4568 | D:5      | XOM: god gift: 2 cyan potions {god gift}
  4569 | D:5      | Reached XP level 8. HP: 61/68 MP: 8/8
  4573 | D:5      | Slain by a killer bee

Illustrated notes

Levels and vault maps discovered:
D:1:      giann_horns, layout_loops_ring, serial_shops, shop_scrolls,
          minmay_misc_feat_roman, st_stairs_4
D:2:      layout_basic, serial_shops, shop, minivault_23
D:3:      layout_basic, ebering_ghost_sewer_f, serial_shops, shop,
          ebering_ecumenical_altar_hall
D:4:      layout_loops_cross
D:5:      layout_gridville, serial_shops, shop, minmay_diced_spiral

Skill      XL: |  1  2  3  4  5  6  7 |
---------------+----------------------+-----
Axes           | 3 4 5 6 |  6.7
Armour         | 2 |  2.0
Dodging        | 1 |  1.0
Stealth        | 1 2 3 |  3.5
Shields        | 1 2 |  2.0
Fighting       | 4 5 |  5.0
Throwing       | 1 |  1.6

Action                   |  1- 3 |  4- 6 |  7- 9 || total
-------------------------+-------+-------+-------++-------
Melee: Hand axe          |   111 |    81 |   121 ||   313
       Kick              |     5 |    30 |    13 ||    48
Throw: Boomerang         |       |       |    24 ||    24
  Use: Scroll            |     1 |     4 |       ||     5
       Potion            |       |     1 |     1 ||     2
 Stab: Sleeping          |     1 |     2 |     4 ||     7
       Petrified         |       |     3 |       ||     3
       Paralysed         |       |       |     1 ||     1
Armor: Leather armour    |    65 |    24 |    47 ||   136
Dodge: Dodged            |    53 |    26 |    56 ||   135
Block: Kite shield       |    16 |    27 |     7 ||    50
       Buckler           |       |       |    42 ||    42

Table legend: (Time is in decaauts)
 A = Elapsed time spent in this place.
 B = Non-inter-level travel time spent in this place.
 C = Inter-level travel time spent in this place.
 D = Time resting spent in this place.
 E = Time spent auto-exploring this place.
 F = Levels seen in this place.
 G = Mean time per level.
                   A        B        C        D        E       F      G
               +--------+--------+--------+--------+--------+-----+--------+
         Total |   4652 |   4260 |    392 |    355 |   3017 |   5 |  930.4 |
       Dungeon |   4652 |   4260 |    392 |    355 |   3017 |   5 |  930.4 |
               +--------+--------+--------+--------+--------+-----+--------+

Top non-repeatable levels by time:
     D:3: 1311 daAuts
     D:2: 1255 daAuts
     D:1: 1033 daAuts
     D:4: 869 daAuts
     D:5: 181 daAuts
